[Event "ICC tourney 2246 (120 10)"]
[Site "Internet Chess Club"]
[Date "2020.12.28"]
[Round "6"]
[White "gauravgupta"]
[Black "ltristam"]
[Result "1-0"]
[ICCResult "Black resigns"]
[WhiteElo "1164"]
[BlackElo "1297"]
[Opening "Ruy Lopez: old Steinitz defense"]
[ECO "C62"]
[NIC "RL.02"]
[Time "17:16:10"]
[PlyCount "47"]
[TimeControl "7200+10"]

1. e4 e5 2. Nf3 Nc6 3. Bb5 d6 4. Bxc6+ bxc6 5. h3 Nf6 6. d3 Be7 7. Be3 Bb7
8. Nbd2 c5 9. c3 Qd7 10. Qc2 Ba6 11. a3 Qb5 12. c4 Qb7 13. b4 cxb4 14. Qa4+
Nd7 15. axb4 Rb8 16. Qxa6 Qxb4 17. Bxa7 Ra8 18. Qc6 Rc8 19. O-O Qc3 20.
Rfb1 Rd8 21. Ra2 Qxd3 22. Rb3 Qe2 23. Re3 Qd1+ 24. Re1 { Black resigns }
1-0

[Event "ICC tourney 2246 (120 10)"]
[Site "Internet Chess Club"]
[Date "2020.12.28"]
[Round "6"]
[White "standingwriter"]
[Black "sunnypatelsp"]
[Result "1/2-1/2"]
[ICCResult "Game drawn by mutual agreement"]
[WhiteElo "1050"]
[BlackElo "1163"]
[Opening "Robatsch (modern) defense"]
[ECO "B06"]
[NIC "KF.05"]
[Time "17:16:43"]
[PlyCount "33"]
[TimeControl "7200+10"]

1. e4 g6 2. d4 Bg7 3. e5 d5 4. c4 e6 5. Nf3 c6 6. Nc3 h6 7. Bd3 Ne7 8. O-O
b6 9. Be3 Bb7 10. Na4 Nd7 11. Rc1 Rc8 12. c5 b5 13. Nc3 Nf5 14. Qd2 Nxe3
15. Qxe3 a6 16. b4 Qe7 17. a3 { Game drawn by mutual agreement } 1/2-1/2

[Event "ICC tourney 2246 (120 10)"]
[Site "Internet Chess Club"]
[Date "2020.12.28"]
[Round "6"]
[White "cfetteroll"]
[Black "kushagra12"]
[Result "1/2-1/2"]
[ICCResult "Game drawn by mutual agreement"]
[WhiteElo "1275"]
[BlackElo "1108"]
[Opening "Catalan opening"]
[ECO "E00"]
[NIC "CA.01"]
[Time "17:16:31"]
[PlyCount "60"]
[TimeControl "7200+10"]

1. d4 Nf6 2. c4 e6 3. g3 c5 4. dxc5 Bxc5 5. Bg2 O-O 6. e3 Nc6 7. Ne2 d5 8.
cxd5 exd5 9. O-O Bf5 10. Nbc3 Nb4 11. a3 Nc2 12. Ra2 d4 13. exd4 Nxd4 14.
Nxd4 Bxd4 15. Ne2 Bb6 16. Bf4 Be4 17. Nc3 Bxg2 18. Kxg2 Qc8 19. h3 Rd8 20.
Qf3 Bc7 21. Bxc7 Qxc7 22. Rd1 Rxd1 23. Nxd1 Rd8 24. Ra1 Nd5 25. Ne3 Nxe3+
26. Qxe3 a6 27. Rc1 Qd7 28. Qc5 f6 29. Qc7 Qd5+ 30. Kh2 Qd2 { Game drawn by
mutual agreement } 1/2-1/2

[Event "ICC tourney 2246 (120 10)"]
[Site "Internet Chess Club"]
[Date "2020.12.28"]
[Round "6"]
[White "e4h5"]
[Black "MatthewDiao"]
[Result "0-1"]
[ICCResult "White checkmated"]
[WhiteElo "1239"]
[BlackElo "1178"]
[Opening "Sicilian defense"]
[ECO "B44"]
[NIC "SI.39"]
[Time "17:16:24"]
[PlyCount "58"]
[TimeControl "7200+10"]

1. e4 c5 2. Nf3 Nc6 3. d4 cxd4 4. Nxd4 e6 5. c4 Nf6 6. Nc3 a6 7. Be3 Bb4 8.
f3 O-O 9. Qd2 d5 10. O-O-O Qc7 11. exd5 exd5 12. g4 dxc4 13. Nxc6 Qxc6 14.
Bg2 Bc5 15. Bxc5 Qxc5 16. h4 Be6 17. h5 h6 18. Ne4 Nxe4 19. fxe4 Bxg4 20.
Rde1 Rad8 21. Qf4 Bxh5 22. Bf3 Bxf3 23. Qxf3 Rd3 24. Qe2 Rfd8 25. e5 c3 26.
Kb1 Rd2 27. Qg4 Rxb2+ 28. Kc1 Qf2 29. Qe4 Qd2# { White checkmated } 0-1

[Event "ICC tourney 2246 (120 10)"]
[Site "Internet Chess Club"]
[Date "2020.12.28"]
[Round "6"]
[White "oliver-kc"]
[Black "mimzhang"]
[Result "1/2-1/2"]
[ICCResult "Game drawn by mutual agreement"]
[WhiteElo "794"]
[BlackElo "984"]
[Opening "QGD: 3...Nf6"]
[ECO "D35"]
[NIC "QO.16"]
[Time "17:16:46"]
[PlyCount "119"]
[TimeControl "7200+10"]

1. d4 d5 2. c4 e6 3. Nc3 Nf6 4. e3 Be7 5. Nf3 O-O 6. Bd3 Nbd7 7. O-O b6 8.
Bd2 Bb7 9. a3 c5 10. Re1 Rc8 11. b3 Re8 12. Rc1 h6 13. e4 dxe4 14. Nxe4
Nxe4 15. Bxe4 Bxe4 16. Rxe4 Nf6 17. Rh4 Nd7 18. Rg4 Nf6 19. Rh4 Nd5 20. Rg4
h5 21. Rg3 Nf6 22. Bh6 Ng4 23. Bf4 Bh4 24. Nxh4 Qxh4 25. Qf3 Nxh2 26. Qe3
Ng4 27. Qd2 Qh2+ 28. Kf1 Qh4 29. Bg5 Qh2 30. Bf4 e5 31. dxe5 Rcd8 32. Rxg4
Qh1+ 33. Ke2 Rxd2+ 34. Kxd2 Qxc1+ 35. Kxc1 hxg4 36. Kd2 f6 37. exf6 gxf6
38. Be3 f5 39. g3 a6 40. a4 a5 41. Bf4 Kh7 42. Bc7 Re6 43. Kd3 Kg6 44. Bf4
Re7 45. Be3 Rh7 46. Kc2 Rh1 47. Bc1 Rf1 48. Be3 Kf6 49. Kd2 Kg6 50. Kc2 Kf6
51. Kc3 Ke5 52. Kd3 Rb1 53. Bf4+ Kf6 54. Kc2 Rf1 55. Be3 Ke5 56. Kd3 Rb1
57. Bf4+ Ke6 58. Kc2 Rf1 59. Be3 Ra1 60. Bc1 { Game drawn by mutual
agreement } 1/2-1/2

[Event "ICC tourney 2246 (120 10)"]
[Site "Internet Chess Club"]
[Date "2020.12.28"]
[Round "6"]
[White "charlesshen"]
[Black "nb12"]
[Result "0-1"]
[ICCResult "White checkmated"]
[WhiteElo "1125"]
[BlackElo "1176"]
[Opening "Giuoco Piano"]
[ECO "C50"]
[NIC "IG.02"]
[Time "17:16:36"]
[PlyCount "124"]
[TimeControl "7200+10"]

1. e4 e5 2. Nf3 Nc6 3. Bc4 Bc5 4. O-O Nf6 5. d3 d6 6. Be3 Bb6 7. h3 Be6 8.
Nbd2 O-O 9. c3 Qd7 10. Kh2 Bxe3 11. fxe3 d5 12. exd5 Nxd5 13. Bxd5 Qxd5 14.
Nb3 Rad8 15. d4 Qd6 16. Kh1 exd4 17. exd4 Bd5 18. Nc5 Rb8 19. Nd3 Qg6 20.
Qd2 Bc4 21. Nde5 Nxe5 22. Nxe5 Qe6 23. Rfe1 Qd5 24. b3 Ba6 25. c4 Qd6 26.
d5 Rbd8 27. Qf2 f6 28. Nd3 b6 29. Nf4 Rfe8 30. Ne6 Rd7 31. Ng5 Rxe1+ 32.
Rxe1 Re7 33. Rxe7 Qxe7 34. Ne6 Bc8 35. Qg3 Bxe6 36. dxe6 g6 37. Kh2 Kg7 38.
h4 Qd6 39. h5 Qxg3+ 40. Kxg3 f5 41. h6+ Kf6 42. Kh4 Kxe6 43. Kg5 c6 44. b4
a6 45. a4 Ke5 46. g3 Ke6 47. b5 axb5 48. cxb5 cxb5 49. axb5 Ke5 50. Kh4 Kf6
51. g4 f4 52. g5+ Ke5 53. Kg4 Ke4 54. Kh3 f3 55. Kg3 Ke3 56. Kg4 f2 57. Kg3
f1=Q 58. Kh2 Qf4+ 59. Kh1 Qxg5 60. Kh2 Qg4 61. Kh1 Kf2 62. Kh2 Qg2# { White
checkmated } 0-1

[Event "ICC tourney 2246 (120 10)"]
[Site "Internet Chess Club"]
[Date "2020.12.28"]
[Round "6"]
[White "leonlunachen"]
[Black "ThorGodOfBlitz"]
[Result "1/2-1/2"]
[ICCResult "Game drawn because neither player has mating material"]
[WhiteElo "749"]
[BlackElo "1130"]
[Opening "QGD Slav: 4.e3 Bf5"]
[ECO "D12"]
[NIC "SL.01"]
[Time "17:16:25"]
[PlyCount "128"]
[TimeControl "7200+10"]

1. d4 d5 2. c4 c6 3. e3 Nf6 4. Nf3 Bf5 5. Nc3 e6 6. Bd3 Bb4 7. O-O Nbd7 8.
a3 Bxc3 9. bxc3 O-O 10. Rb1 Rb8 11. a4 dxc4 12. Bxf5 exf5 13. Ba3 Re8 14.
Bd6 Ra8 15. Rxb7 Nb6 16. a5 Qxd6 17. axb6 axb6 18. Rxb6 Reb8 19. Qb1 f4 20.
Ne5 fxe3 21. fxe3 Rxb6 22. Qxb6 Nd5 23. Qxc6 Qxc6 24. Nxc6 Nxc3 25. Ne5
Ne2+ 26. Kf2 Ra2 27. Kf3 c3 28. Nd3 c2 29. Nc1 Nc3 30. Rf2 Rb2 31. Nd3 Ra2
32. Rf1 Nb1 33. Rc1 Nd2+ 34. Kf4 Nb3 35. Re1 Ra8 36. Kf3 Rc8 37. Nc1 Na5
38. Ke2 f6 39. Kd3 Nc4 40. e4 Kf7 41. Kxc2 Ne3+ 42. Kd3 Nxg2 43. Rg1 Nf4+
44. Ke3 Ng6 45. d5 Re8 46. Kd4 Ne5 47. Rf1 Ke7 48. Nd3 Nxd3 49. Kxd3 Kd6
50. Kd4 Ra8 51. Rc1 Ra4+ 52. Rc4 Rxc4+ 53. Kxc4 h5 54. Kd3 g5 55. Ke3 Ke5
56. Kf3 h4 57. Kg4 Kd6 58. Kf5 Ke7 59. e5 fxe5 60. Kxe5 g4 61. Kf4 g3 62.
hxg3 hxg3 63. Kxg3 Kd6 64. Kf4 Kxd5 { Game drawn because neither player has
mating material } 1/2-1/2

[Event "ICC tourney 2246 (120 10)"]
[Site "Internet Chess Club"]
[Date "2020.12.28"]
[Round "6"]
[White "srinandasai12"]
[Black "auggie29"]
[Result "0-1"]
[ICCResult "White checkmated"]
[WhiteElo "1228"]
[BlackElo "1095"]
[Opening "Sicilian: Alapin's variation (2.c3)"]
[ECO "B22"]
[NIC "SI.46"]
[Time "17:16:36"]
[PlyCount "66"]
[TimeControl "7200+10"]

1. e4 c5 2. c3 e6 3. d4 cxd4 4. cxd4 d5 5. exd5 exd5 6. Nf3 Nf6 7. Be2 Bd6
8. O-O O-O 9. Nc3 Nc6 10. a3 Re8 11. Bg5 Be7 12. Qb3 Rb8 13. Rad1 Be6 14.
Bd3 Qd7 15. Ne5 Qc7 16. Nxc6 bxc6 17. Qc2 Ng4 18. f4 Bxg5 19. h3 Ne3 20.
Qe2 Nxd1 21. Nxd1 Bf5 22. Qd2 Bxd3 23. Qxd3 Bxf4 24. Qf5 Be3+ 25. Kh1 Bxd4
26. b4 Bf6 27. Qg4 Qe5 28. Qf3 Qg5 29. Qf2 d4 30. Qc2 Qd5 31. Rf5 Re1+ 32.
Kh2 Be5+ 33. g3 Qh1# { White checkmated } 0-1

[Event "ICC tourney 2246 (120 10)"]
[Site "Internet Chess Club"]
[Date "2020.12.28"]
[Round "6"]
[White "GagikG2009"]
[Black "jhong3"]
[Result "1-0"]
[ICCResult "Black resigns"]
[WhiteElo "1130"]
[BlackElo "934"]
[Opening "Old Indian defense"]
[ECO "E61"]
[NIC "KI.76"]
[Time "17:16:21"]
[PlyCount "131"]
[TimeControl "7200+10"]

1. d4 d6 2. c4 Nf6 3. Nc3 g6 4. Nf3 Bg7 5. Bf4 O-O 6. e3 Nc6 7. a3 e5 8.
dxe5 dxe5 9. Qxd8 Rxd8 10. Nxe5 Nh5 11. Nxc6 bxc6 12. Bxc7 Rd7 13. Bg3 Nxg3
14. hxg3 Rb8 15. Rc1 Rxb2 16. Nb1 Rd8 17. f3 Re8 18. e4 f5 19. Bd3 Rb3 20.
Bc2 Re3+ 21. Kd2 Bd4 22. Bd3 fxe4 23. Bxe4 c5 24. Rhe1 Rxe1 25. Rxe1 Kg7
26. Re2 Rd8 27. Bd5 Kf8 28. g4 Bf6 29. Kc2 a5 30. Nd2 Ba6 31. Re6 Bxc4 32.
Bxc4 Kg7 33. Re3 Bg5 34. Rd3 Re8 35. Ne4 Be7 36. Kb3 Kf8 37. Ka4 Ra8 38.
Rb3 Ke8 39. Rb5 Kd7 40. Rxa5 Rxa5+ 41. Kxa5 Kc6 42. Ka4 g5 43. g3 h6 44. f4
Bd8 45. f5 Be7 46. f6 Bf8 47. f7 Kd7 48. Kb5 Kc7 49. a4 Kb7 50. Nxc5+ Ka7
51. Nd7 Be7 52. f8=Q Bxf8 53. Nxf8 Kb7 54. Bd5+ Ka7 55. a5 Kb8 56. Kb6 h5
57. gxh5 g4 58. a6 Kc8 59. a7 Kd8 60. a8=Q+ Ke7 61. Ng6+ Kf6 62. Qf8+ Kg5
63. h6 Kh5 64. h7 Kg5 65. h8=Q Kxg6 66. Qhg7+ { Black resigns } 1-0

[Event "ICC tourney 2246 (120 10)"]
[Site "Internet Chess Club"]
[Date "2020.12.28"]
[Round "6"]
[White "AarushV5"]
[Black "avbhosale"]
[Result "0-1"]
[ICCResult "White checkmated"]
[WhiteElo "672"]
[BlackElo "235"]
[Opening "King's pawn game"]
[ECO "C50"]
[NIC "IG.03"]
[Time "17:16:13"]
[PlyCount "114"]
[TimeControl "7200+10"]

1. e4 e5 2. Nf3 Nc6 3. Bc4 h6 4. a3 Nf6 5. Nc3 Bc5 6. d3 d6 7. h3 O-O 8.
O-O Bd7 9. Be3 Re8 10. Re1 Bd4 11. Qd2 Bxe3 12. Rxe3 Nd4 13. Qd1 a5 14. a4
Be6 15. Bd5 c6 16. Bb3 b5 17. axb5 cxb5 18. Ne2 Qb6 19. Bxe6 Nxf3+ 20. Rxf3
Rxe6 21. d4 exd4 22. Nxd4 Rxe4 23. c3 b4 24. Qd2 Nd5 25. Rg3 Kh8 26. f3 Re6
27. Kf1 Ne3+ 28. Kg1 Nc4 29. Qc2 Ne3 30. Qd2 Nf5 31. Rg4 Ne3 32. Re4 Rxe4
33. fxe4 Nc4 34. Qe2 Rc8 35. Kh2 bxc3 36. bxc3 Ne5 37. Nf3 Rxc3 38. Nxe5
dxe5 39. Rd1 a4 40. Qd2 Qe3 41. Qd8+ Kh7 42. Qd7 Qxe4 43. Qxf7 Rc2 44. Rg1
Qf4+ 45. Qxf4 exf4 46. Kh1 a3 47. Ra1 a2 48. Kg1 Rb2 49. Kh2 g5 50. h4 g4
51. Rxa2 Rxa2 52. Kg1 g3 53. Kf1 Kg6 54. h5+ Kf5 55. Ke1 Ke4 56. Kf1 Ke3
57. Ke1 Ra1# { White checkmated } 0-1

[Event "ICC tourney 2246 (120 10)"]
[Site "Internet Chess Club"]
[Date "2020.12.28"]
[Round "6"]
[White "Yadhunandan"]
[Black "Pip04"]
[Result "0-1"]
[ICCResult "White checkmated"]
[WhiteElo "891"]
[BlackElo "1259"]
[Opening "Queen's pawn game"]
[ECO "E10"]
[NIC "QI.01"]
[Time "17:16:33"]
[PlyCount "80"]
[TimeControl "7200+10"]

1. d4 Nf6 2. c4 e6 3. Nf3 c5 4. Bg5 h6 5. Bh4 cxd4 6. Nxd4 e5 7. Nf3 Nc6 8.
e3 Qa5+ 9. Qd2 Bb4 10. Nc3 Ne4 11. Rc1 Nxd2 12. Nxd2 Bxc3 13. bxc3 Qxa2 14.
Bd3 Qa3 15. O-O O-O 16. Nb1 Qd6 17. Rfd1 Qc5 18. Rd2 Na5 19. Rb2 Nxc4 20.
Bxc4 Qxc4 21. Be7 Re8 22. Rb4 Qe6 23. Bc5 d6 24. Bxd6 Qxd6 25. g3 b6 26.
Na3 Bb7 27. Kf1 Qd2 28. Rbb1 Rac8 29. Nb5 Ba6 30. c4 Bxb5 31. Rd1 Bxc4+ 32.
Kg2 Qa5 33. Ra1 Qb4 34. Rab1 Qe7 35. h4 Red8 36. Rh1 Rd2 37. Rhg1 Qf6 38.
Rgf1 Bd5+ 39. Kg1 Qf3 40. Kh2 Qg2# { White checkmated } 0-1

[Event "ICC tourney 2246 (120 10)"]
[Site "Internet Chess Club"]
[Date "2020.12.28"]
[Round "6"]
[White "aWildNateDawg"]
[Black "baldwinsthename"]
[Result "1/2-1/2"]
[ICCResult "Game drawn by mutual agreement"]
[WhiteElo "1109"]
[BlackElo "1215"]
[Opening "Petrov's defense"]
[ECO "C42"]
[NIC "RG.03"]
[Time "17:16:28"]
[PlyCount "69"]
[TimeControl "7200+10"]

1. e4 e5 2. Nf3 Nf6 3. Nxe5 Nc6 4. Nxc6 dxc6 5. Nc3 Bc5 6. Be2 Qd4 7. O-O
h5 8. d3 Qd6 9. Kh1 Ng4 10. f4 Nf2+ 11. Rxf2 Bxf2 12. Qf1 Bd4 13. Qf3 Bg4
14. Qf1 O-O-O 15. Nd1 Bxe2 16. Qxe2 h4 17. Be3 h3 18. g3 c5 19. Bxd4 Qxd4
20. Qe3 c4 21. Qxd4 Rxd4 22. Nf2 cxd3 23. cxd3 Rhd8 24. Rc1 b6 25. Kg1 c5
26. Kf1 Kb7 27. Ke2 a5 28. Rc3 Rb4 29. Rc2 a4 30. Ke3 Rh8 31. Ng4 Rd4 32.
Nf2 Rhd8 33. Rc3 Rb4 34. Rc2 Rbd4 35. Rc3 { Game drawn by mutual agreement
} 1/2-1/2

[Event "ICC tourney 2246 (120 10)"]
[Site "Internet Chess Club"]
[Date "2020.12.28"]
[Round "6"]
[White "raadix028"]
[Black "ryan2007"]
[Result "1/2-1/2"]
[ICCResult "Game drawn by repetition"]
[WhiteElo "819"]
[BlackElo "1155"]
[Opening "Queen's pawn, Mason variation"]
[ECO "D00"]
[NIC "QP.08"]
[Time "17:16:38"]
[PlyCount "81"]
[TimeControl "7200+10"]

1. d4 d5 2. Bf4 Nc6 3. Nf3 Nf6 4. e3 a6 5. c3 Bf5 6. Nbd2 e6 7. Ne5 Nxe5 8.
Bxe5 Bd6 9. Bg3 O-O 10. Nf3 Re8 11. Be2 Ng4 12. Nh4 Nf6 13. Nxf5 exf5 14.
Bd3 Ne4 15. Qb3 Bxg3 16. hxg3 Rb8 17. Qc2 g6 18. O-O-O a5 19. Rh3 Qd7 20.
Re1 b5 21. f3 Nf6 22. e4 a4 23. a3 c6 24. Rhh1 dxe4 25. fxe4 fxe4 26. Bxe4
Nxe4 27. Rxe4 Rxe4 28. Qxe4 f5 29. Qf4 Re8 30. Qd2 Qe7 31. Kd1 Qe4 32. Kc1
Kg7 33. Qh6+ Kf6 34. Qxh7 Qxg2 35. Qh4+ Kf7 36. Qh7+ Kf6 37. Qh4+ Kf7 38.
Qh7+ Kf6 39. Qh4+ Kf7 40. Qh7+ Kf6 41. Qh4+ { Game drawn by repetition }
1/2-1/2

[Event "ICC tourney 2246 (120 10)"]
[Site "Internet Chess Club"]
[Date "2020.12.28"]
[Round "6"]
[White "DaveGriffin"]
[Black "DWilston"]
[Result "1-0"]
[ICCResult "Black checkmated"]
[WhiteElo "1124"]
[BlackElo "976"]
[Opening "King's pawn game"]
[ECO "C50"]
[NIC "IG.03"]
[Time "17:16:31"]
[PlyCount "77"]
[TimeControl "7200+10"]

1. e4 e5 2. Nf3 Nc6 3. Bc4 h6 4. d4 exd4 5. Nxd4 Qf6 6. c3 Bc5 7. Be3 Qg6
8. O-O Qxe4 9. Re1 Nge7 10. Bxf7+ Kxf7 11. Qh5+ Qg6 12. Qxc5 d6 13. Qc4+ d5
14. Qe2 Re8 15. Nxc6 Nxc6 16. Qf3+ Bf5 17. Qxd5+ Be6 18. Qf3+ Kg8 19. Nd2
Rad8 20. Rad1 Bg4 21. Qg3 Bf5 22. Qxc7 Rd6 23. Nf3 Red8 24. Rxd6 Rxd6 25.
Nh4 Qe6 26. Nxf5 Rd7 27. Qc8+ Kh7 28. Ng3 h5 29. Qf8 Rf7 30. Ne4 Rf5 31.
Bxa7 Kg6 32. Qd6 Re5 33. Qxe6+ Rxe6 34. Bc5 Ne5 35. Rd1 Kf5 36. Ng3+ Kg5
37. Rd5 h4 38. Be3+ Kg4 39. h3# { Black checkmated } 1-0

[Event "ICC tourney 2246 (120 10)"]
[Site "Internet Chess Club"]
[Date "2020.12.28"]
[Round "6"]
[White "traycon"]
[Black "bryantan2010"]
[Result "0-1"]
[ICCResult "White resigns"]
[WhiteElo "857"]
[BlackElo "1157"]
[Opening "English: four knights system"]
[ECO "A28"]
[NIC "EO.08"]
[Time "17:16:19"]
[PlyCount "142"]
[TimeControl "7200+10"]

1. c4 e5 2. Nc3 Nf6 3. Nf3 Nc6 4. d4 exd4 5. Nxd4 Bb4 6. Nxc6 bxc6 7. Qb3
Bxc3+ 8. Qxc3 h6 9. Qe3+ Qe7 10. Qxe7+ Kxe7 11. b3 d5 12. Bf4 Kd8 13. g3
Re8 14. Bg2 Bb7 15. Be3 Ne4 16. O-O f5 17. cxd5 cxd5 18. Rac1 c6 19. Bd4 g5
20. f3 Nd6 21. Rfe1 Rc8 22. Bxa7 Kd7 23. a4 Ra8 24. Bd4 Ba6 25. Kf2 h5 26.
e3 g4 27. fxg4 hxg4 28. Kg1 Rab8 29. Rc3 Ne4 30. Bxe4 Rxe4 31. Kf2 Rbe8 32.
Rec1 Rc8 33. Rh1 Kd6 34. Bc5+ Ke5 35. h4 gxh3 36. Rxh3 Rg4 37. Rh6 Rd8 38.
Kf3 Bb7 39. Bd4+ Rxd4 40. exd4+ Kxd4 41. Rc1 Re8 42. Rh4+ Kd3 43. Rd1+ Kc3
44. b4 Ba6 45. Rh6 Be2+ 46. Kf4 Bxd1 47. a5 Be2 48. Rxc6+ Kxb4 49. a6 Ra8
50. Kxf5 Rxa6 51. Rc1 Ra3 52. Ke5 Bc4 53. Rg1 Rd3 54. g4 d4 55. Ke4 Rd2 56.
g5 d3 57. g6 Kc3 58. g7 Bg8 59. Rc1+ Rc2 60. Rf1 d2 61. Rf8 Bh7+ 62. Ke3
d1=Q 63. g8=Q Bxg8 64. Rc8+ Kb2 65. Rxc2+ Qxc2 66. Kf4 Qe2 67. Kf5 Qe3 68.
Kf6 Qe4 69. Kg5 Qf3 70. Kh4 Qg2 71. Kh5 Qg3 { White resigns } 0-1

[Event "ICC tourney 2246 (120 10)"]
[Site "Internet Chess Club"]
[Date "2020.12.29"]
[Round "7"]
[White "funchessethan"]
[Black "srinandasai12"]
[Result "0-1"]
[ICCResult "White checkmated"]
[WhiteElo "995"]
[BlackElo "1228"]
[Opening "Sicilian: dragon, Yugoslav attack, Rauser variation"]
[ECO "B76"]
[NIC "SI.17"]
[Time "12:01:49"]
[PlyCount "34"]
[TimeControl "7200+10"]

1. e4 c5 2. Nf3 d6 3. d4 cxd4 4. Nxd4 Nf6 5. Nc3 g6 6. Be3 Bg7 7. f3 O-O 8.
Qd2 Nc6 9. O-O-O Nxd4 10. Bxd4 Qa5 11. Bxf6 Bxf6 12. h4 Be6 13. a3 Rac8 14.
g4 Bxc3 15. bxc3 Qxa3+ 16. Kb1 Qa2+ 17. Kc1 Qa1# { White checkmated } 0-1

[Event "ICC tourney 2246 (120 10)"]
[Site "Internet Chess Club"]
[Date "2020.12.29"]
[Round "7"]
[White "Karloschess"]
[Black "Poorvi123"]
[Result "0-1"]
[ICCResult "White checkmated"]
[WhiteElo "478"]
[BlackElo "752"]
[Opening "Four knights: Spanish variation"]
[ECO "C48"]
[NIC "KP.03"]
[Time "12:01:45"]
[PlyCount "70"]
[TimeControl "7200+10"]

1. e4 e5 2. Nf3 Nc6 3. Nc3 Nf6 4. Bb5 d6 5. O-O Be7 6. Be2 O-O 7. d3 Nd4 8.
Nxd4 exd4 9. Nd5 Nxd5 10. exd5 Bg5 11. Bxg5 Qxg5 12. h3 Qxd5 13. Bg4 f5 14.
Be2 Qe6 15. b3 f4 16. c3 dxc3 17. d4 Qf6 18. Bc4+ Be6 19. Bxe6+ Qxe6 20.
Re1 Qf7 21. Rf1 f3 22. g3 Rad8 23. Qd3 c5 24. dxc5 dxc5 25. Qxc3 b6 26. h4
Qf6 27. Qxf6 Rxf6 28. Rad1 Rxd1 29. Rxd1 Kf7 30. Rd7+ Kg6 31. Rxa7 Re6 32.
Rd7 Re1+ 33. Kh2 Rf1 34. Rd2 Kh5 35. Kh3 Rh1# { White checkmated } 0-1

[Event "ICC tourney 2246 (120 10)"]
[Site "Internet Chess Club"]
[Date "2020.12.29"]
[Round "7"]
[White "DanielGuan"]
[Black "pvegesana"]
[Result "1-0"]
[ICCResult "Black resigns"]
[WhiteElo "985"]
[BlackElo "1227"]
[Opening "QGD: exchange, positional line"]
[ECO "D35"]
[NIC "QP.08"]
[Time "12:01:30"]
[PlyCount "29"]
[TimeControl "7200+10"]

1. d4 d5 2. c4 e6 3. cxd5 exd5 4. Nc3 Nf6 5. Bg5 Bb4 6. Nf3 h6 7. Bh4 Bg4
8. Qa4+ Nc6 9. Ne5 Bxc3+ 10. bxc3 Bd7 11. Nxd7 Qxd7 12. e3 Ne4 13. Qc2 a6
14. c4 dxc4 15. Qxe4+ { Black resigns } 1-0

[Event "ICC tourney 2246 (120 10)"]
[Site "Internet Chess Club"]
[Date "2020.12.29"]
[Round "7"]
[White "ChaosOrigin"]
[Black "Anichess2009"]
[Result "1-0"]
[ICCResult "Black checkmated"]
[WhiteElo "1237"]
[BlackElo "812"]
[Opening "King's pawn opening"]
[ECO "B07"]
[NIC "VO.17"]
[Time "12:01:59"]
[PlyCount "157"]
[TimeControl "7200+10"]

1. e4 d6 2. Nf3 Nf6 3. Nc3 Nc6 4. a3 Bg4 5. h3 Bd7 6. Bc4 e5 7. d4 exd4 8.
Nxd4 Nxd4 9. Qxd4 Be6 10. Bd3 c6 11. Bg5 Be7 12. O-O-O h6 13. Bh4 d5 14. e5
Nd7 15. Bxe7 Qxe7 16. Kb1 Qc5 17. Qh4 Nxe5 18. Rhe1 Nxd3 19. Rxd3 Kd7 20.
Ne4 Qe7 21. Qg3 Rad8 22. Qe3 Kc8 23. Nc5 Rhe8 24. Qd4 Qf6 25. Nxe6 Qxd4 26.
Rxd4 Rxe6 27. Rxe6 fxe6 28. Kc1 Rf8 29. f3 e5 30. Rg4 g5 31. Ra4 a6 32. Kd2
Rf4 33. Rxf4 exf4 34. Kd3 c5 35. c4 dxc4+ 36. Kxc4 b6 37. Kd5 Kd7 38. b3 a5
39. a4 Kc8 40. Kc6 Kd8 41. Kxb6 Ke7 42. Kxc5 Ke6 43. Kb5 Ke5 44. Kxa5 Kd4
45. Kb5 Ke3 46. a5 Kf2 47. a6 Kxg2 48. a7 Kxf3 49. a8=Q+ Kg3 50. h4 gxh4
51. Qg8+ Kh3 52. Kc4 f3 53. Kc5 f2 54. Qc4 Kg2 55. Qe4+ Kg1 56. Qd4 Kg2 57.
Qg4+ Kf1 58. Qxh4 Ke1 59. b4 Ke2 60. Qh2 Ke1 61. Qe5+ Kd2 62. Qf4+ Ke2 63.
Qxf2+ Kxf2 64. b5 h5 65. b6 h4 66. b7 h3 67. b8=Q Kg2 68. Qb2+ Kg1 69. Qd4+
Kg2 70. Qg4+ Kh2 71. Kd4 Kh1 72. Qxh3+ Kg1 73. Qf3 Kh2 74. Ke4 Kg1 75. Kf4
Kh2 76. Kg4 Kg1 77. Qe2 Kh1 78. Kg3 Kg1 79. Qg2# { Black checkmated } 1-0

[Event "ICC tourney 2246 (120 10)"]
[Site "Internet Chess Club"]
[Date "2020.12.29"]
[Round "7"]
[White "IsaacCumes"]
[Black "Shashank8"]
[Result "0-1"]
[ICCResult "White checkmated"]
[WhiteElo "962"]
[BlackElo "1188"]
[Opening "Caro-Kann: exchange variation"]
[ECO "B13"]
[NIC "CK.02"]
[Time "12:01:21"]
[PlyCount "74"]
[TimeControl "7200+10"]

1. e4 c6 2. d4 d5 3. exd5 cxd5 4. Bd3 Nc6 5. Nf3 Bg4 6. Bb5 Qa5+ 7. Nc3 Nf6
8. O-O e6 9. Bg5 Be7 10. Bxc6+ bxc6 11. a3 O-O 12. b4 Qc7 13. Ne5 Bf5 14.
b5 c5 15. dxc5 Qxc5 16. Bxf6 Bxf6 17. Nd7 Qxc3 18. Nxf8 Rxf8 19. Ra2 Qc4
20. Qb1 Rc8 21. Rc1 d4 22. Qb4 Qxa2 23. b6 axb6 24. Qxb6 h6 25. h3 Rxc2 26.
Rxc2 Qxc2 27. Qb4 Qd1+ 28. Kh2 Be5+ 29. g3 Qe2 30. Kg1 Bxh3 31. Kh2 Qf1 32.
Qb7 Qxf2+ 33. Kh1 Bxg3 34. Qa8+ Kh7 35. Qe4+ f5 36. Qxf5+ exf5 37. a4 Qf1#
{ White checkmated } 0-1

[Event "ICC tourney 2246 (120 10)"]
[Site "Internet Chess Club"]
[Date "2020.12.29"]
[Round "7"]
[White "avbhosale"]
[Black "LittlePawn135"]
[Result "1-0"]
[ICCResult "Black checkmated"]
[WhiteElo "235"]
[BlackElo "742"]
[Opening "Giuoco Piano"]
[ECO "C50"]
[NIC "IG.02"]
[Time "12:01:41"]
[PlyCount "67"]
[TimeControl "7200+10"]

1. e4 e5 2. Nf3 Nc6 3. Bc4 Bc5 4. Nc3 d6 5. O-O Bg4 6. h3 Bxf3 7. Qxf3 Nf6
8. d3 Nd4 9. Qd1 O-O 10. Be3 c6 11. a3 d5 12. exd5 cxd5 13. Bb5 Nxb5 14.
Bxc5 Nxc3 15. bxc3 Re8 16. Re1 Qc7 17. Be3 Qxc3 18. Bg5 e4 19. Bxf6 Qxf6
20. Qe2 h6 21. Rad1 Qc6 22. dxe4 Rxe4 23. Qd2 Rxe1+ 24. Rxe1 Rd8 25. Rc1 d4
26. c3 dxc3 27. Qxd8+ Kh7 28. Qd3+ g6 29. Rxc3 Qb6 30. Rb3 Qc6 31. Qc3 Qe6
32. Rxb7 Qd6 33. Rxf7+ Kg8 34. Qg7# { Black checkmated } 1-0

[Event "ICC tourney 2246 (120 10)"]
[Site "Internet Chess Club"]
[Date "2020.12.29"]
[Round "7"]
[White "Phoenix25"]
[Black "Yadhunandan"]
[Result "0-1"]
[ICCResult "White checkmated"]
[WhiteElo "171"]
[BlackElo "891"]
[Opening "Four knights: Italian variation"]
[ECO "C55"]
[NIC "IG.01"]
[Time "12:01:40"]
[PlyCount "92"]
[TimeControl "7200+10"]

1. e4 e5 2. Nf3 Nc6 3. Bc4 Nf6 4. Nc3 Bb4 5. d3 O-O 6. O-O Be7 7. Bg5 h6 8.
Bh4 g5 9. Bg3 d6 10. Qc1 Bg4 11. Nd5 Bxf3 12. gxf3 Nxd5 13. Bxd5 Nd4 14.
Qd1 c6 15. Bc4 d5 16. exd5 cxd5 17. Bb3 f6 18. c3 Ne6 19. d4 exd4 20. cxd4
Rc8 21. Rc1 Rxc1 22. Qxc1 Nxd4 23. Qd1 Nxb3 24. axb3 d4 25. f4 gxf4 26.
Bxf4 d3 27. Qg4+ Kf7 28. Bxh6 Rg8 29. Bg7 Rxg7 30. Qxg7+ Kxg7 31. Re1 d2
32. Re3 d1=Q+ 33. Kg2 Q8d5+ 34. Kh3 Q5h5+ 35. Kg2 Qhg4+ 36. Rg3 Qxg3+ 37.
fxg3 Qd2+ 38. Kf3 Qxb2 39. Kg4 Qxb3 40. h3 a5 41. h4 a4 42. Kh3 a3 43. Kh2
a2 44. Kh3 a1=Q 45. Kg4 Qb4+ 46. Kh3 Qh1# { White checkmated } 0-1